 Dungeon Crawl Stone Soup version 0.22.1-6-g1668fe2 (webtiles) character file.

310 dvd the Chopper (level 6, 0/32 HPs)
             Began as a Vine Stalker Gladiator on Jan 21, 2019.
             Succumbed to Crazy Yiuf's poison
             ... on level 2 of the Dungeon.
             The game lasted 00:04:11 (1658 turns).

dvd the Chopper (Vine Stalker Gladiator)            Turns: 1658, Time: 00:04:12

Health: 0/32       AC: 10    Str: 18    XL:     6   Next: 41%
Magic:  1/16       EV: 11    Int:  8    God:
Gold:   176        SH:  0    Dex: 16    Spells: 5/5 levels left

rFire    . . .     SeeInvis .   a - +0 war axe
rCold    + . .     Gourm    .   (no shield)
rNeg     . . .     Faith    .   m - +2 scale mail {rC+}
rPois    .         Spirit   +   c - +0 helmet
rElec    .         Reflect  .   (no cloak)
rCorr    .         Harm     .   i - +0 pair of gloves
MR       .....                  (no boots)
Stlth    ..........             (no amulet)
HPRegen  0.50/turn              e - ring of magical power
MPRegen  0.15/turn              (no ring)

@: lethally poisoned (0 -> 0)
A: fangs 2, regeneration 1, magic shield, antimagic bite, no potion heal 3, rot
immunity
a: no special abilities


You were on level 2 of the Dungeon.
You were not hungry.

You visited 1 branch of the dungeon, and saw 2 of its levels.

You collected 176 gold pieces.

Inventory:

Hand Weapons
 a - a +0 war axe (weapon)
 o - a +0 spear of freezing
Missiles
 d - a throwing net (quivered)
Armour
 c - a +0 helmet (worn)
 i - a +0 pair of gloves (worn)
 m - a +2 scale mail of cold resistance (worn)
Jewellery
 e - a ring of magical power (left hand)
Scrolls
 h - 3 scrolls of identify {unknown}
 j - 2 scrolls of teleportation {unknown}
 l - 7 scrolls of remove curse {unknown}
Potions
 b - a potion of flight {unknown}
 k - a potion of cancellation {unknown}
 n - a potion of curing {unknown}
Comestibles
 f - 4 rations
 g - 3 chunks of flesh


   Skills:
 + Level 2.9 Fighting
 + Level 4.4 Axes
 + Level 1.9 Throwing
 + Level 2.2 Armour
 + Level 3.2 Dodging
 + Level 0.9 Stealth


You had 5 spell levels left.
You didn't know any spells.
Your spell library was empty.

Dungeon Overview and Level Annotations

Branches:
Dungeon (2/15)

Altars:

Annotations:
D:2 Crazy Yiuf


Innate Abilities, Weirdness & Mutations

You have extremely sharp teeth.
Your natural rate of healing is unusually fast.
When hurt, damage is shared between your health and your magic reserves.
Your bite disrupts and absorbs the magic of your enemies.
Potions cannot restore your health.
You are immune to rotting.


Message History

Crazy Yiuf is heavily wounded.
You feel sick. Crazy Yiuf barely misses you.
You barely miss Crazy Yiuf. Your bite misses Crazy Yiuf.
Crazy Yiuf is heavily wounded.
You feel sick.
Crazy Yiuf cries, "You leg down broken song, no?"
Crazy Yiuf hits you with a quarterstaff of chaos.
Space warps horribly around you!
You barely miss Crazy Yiuf. You bite Crazy Yiuf. You drain his power.
You feel invigorated.
Crazy Yiuf is heavily wounded.
You feel sick.
Crazy Yiuf hits you with a quarterstaff of chaos!
You are electrocuted!
* * * LOW HITPOINT WARNING * * *
There is an open door here.
* * * LOW HITPOINT WARNING * * *
You feel sick.
Crazy Yiuf flaps his cloak.
You die...

#.....#
###.....
#....##
#######..##.
#....#
#.()........
♣PP..♣
#.######.##.
♣♣...♣
..####..##.
♣♣.♣♣
#.......###
♣♣.♣
..####.....
♣.♣♣ #.(###
♣♣@♣ #.....
♣.♣♣ ##.###
##g## #.#
#...# #.#
#...# ..#
#)..# ###
#####


You could see Crazy Yiuf.

Vanquished Creatures
  Sigmund (D:2)
  An ogre (D:2)
  2 adders
  2 leopard geckos
  3 orcs (D:2)
  2 giant cockroaches
  4 goblins
  7 hobgoblins
  A quokka (D:2)
  2 ball pythons (D:2)
  2 bats
  3 frilled lizards (D:1)
  8 kobolds
  7 rats
45 creatures vanquished.

Notes
Turn   | Place    | Note
-------+----------+-------------------------------------------
     0 | D:1      | dvd the Vine Stalker Gladiator began the quest for the Orb.
     0 | D:1      | Reached XP level 1. HP: 11/11 MP: 2/2
   172 | D:1      | Reached XP level 2. HP: 10/15 MP: 3/3
   850 | D:2      | Noticed Sigmund
  1051 | D:2      | Reached XP level 3. HP: 18/18 MP: 4/4
  1052 | D:2      | Reached skill level 3 in Axes
  1325 | D:1      | Gained mutation: Your natural rate of healing is unusually
                  | fast. [Vine Stalker growth]
  1325 | D:1      | Reached XP level 4. HP: 17/23 MP: 5/5
  1377 | D:2      | Noticed an ogre
  1387 | D:2      | Killed an ogre
  1387 | D:2      | Reached skill level 1 in Armour
  1387 | D:2      | Reached XP level 5. HP: 19/27 MP: 6/6
  1456 | D:2      | Killed Sigmund
  1456 | D:2      | Reached skill level 4 in Axes
  1456 | D:2      | Reached XP level 6. HP: 23/32 MP: 7/7
  1642 | D:2      | Found a runed door.
  1646 | D:2      | Noticed Crazy Yiuf
  1655 | D:2      | HP: 1/32 [Crazy Yiuf/quarterstaff of chaos (9)]
  1658 | D:2      | Succumbed to Crazy Yiuf's poison

Skill      XL: |  1  2  3  4  5 |
---------------+----------------+-----
Fighting       | 2 |  2.9
Axes           | 3 4 |  4.4
Armour         | 1 2 |  2.2
Dodging        | 3 |  3.2
Throwing       | |  1.9
Stealth        | |  0.9

Action                   |  1- 3 |  4- 6 || total
-------------------------+-------+-------++-------
Melee: War axe           |    93 |    37 ||   130
       Bite              |    19 |    16 ||    35
Throw: Throwing net      |       |     2 ||     2
 Stab: Sleeping          |     1 |       ||     1
       Held in net/web   |       |     1 ||     1
  Eat: Chunk             |     1 |     2 ||     3
Armor: Leather armour    |    14 |       ||    14
       Scale mail        |    25 |     8 ||    33
Dodge: Dodged            |    71 |    10 ||    81
